AoeStats
← Caribe

Arena

508087256Analyzed
1v1 RM · 12d ago on Sep 20, 2026· 39m 22s· 2 players
Game mode
Random Map
Map size
Tiny (2 player)
Population
200
Speed
Normal
Resources
Standard
Victory
Conquest
Starting age
Dark Age
Ending age
Imperial Age
RankedLock teamsTeams togetherTeam positionsShared explorationLock speedFull tech treeHidden civsTurbo modeCheats
Victory
Defeat
🇻🇪 Spanish · Venezuela
1232
+14
🇬🇧 Japanese · United Kingdom
1187
-14
Carterman89
10:41 Feudal Age
15:16 Castle Age
14:16 Double-Bit Axe
14:12 Horse Collar
15:00 Stone Mining
16:41 Bow Saw
16:21 Loom
19:07 Wheelbarrow
21:04 Town Watch
22:12 Gold Mining
22:42 Heavy Plow
25:39 Hand Cart
30:43 Imperial Age
28:20 Yasama
28:19 Fletching
28:41 Masonry
28:39 Guard Tower
28:58 Murder Holes
29:38 Bodkin Arrow
29:45 Padded Archer Armor
30:45 Gold Shaft Mining
30:35 Ballistics
32:22 Leather Archer Armor
32:18 Thumb Ring
32:53 Bracer
34:15 Ring Archer Armor
33:16 Elite Skirmisher
34:41 Man-at-Arms
35:06 Gambesons
35:22 Squires
35:07 Arson
35:22 Pikeman
36:08 Squires
36:34 Conscription
37:03 Scale Mail Armor
37:13 Forging
39:34 Chain Mail Armor
39:54 Iron Casting
Caribe
11:12 Feudal Age
15:18 Castle Age
13:49 Loom
13:53 Double-Bit Axe
13:51 Horse Collar
16:38 Bow Saw
17:51 Heavy Plow
27:27 Imperial Age
26:40 Wheelbarrow
26:33 Forging
29:36 Two-Man Saw
30:29 Iron Casting
29:59 Scale Barding Armor
30:34 Conscription
30:38 Bloodlines
30:28 Husbandry
32:35 Town Watch
34:07 Blast Furnace
33:27 Chain Barding Armor
33:10 Cavalier
34:12 Chain Barding Armor
39:06 Padded Archer Armor
38:56 Paladin
40:12 Plate Barding Armor
Connection lost

Rejoining the realm…

Still unreachable

The connection could not be restored.

Session expired

The server has moved on; the page needs a fresh start.